 Dungeon Crawl Stone Soup version 0.31-a0-1099-g7fa767f3fe (webtiles) character file.

Game seed: 10926826963506429914

79 GreatBamboolord the Covered (level 4, 0/41 HPs)
             Began as an Armataur Fighter on Dec 1, 2023.
             Slain by a goblin
             ... wielding a +1 dagger of protection
             ... led by Robin
              (5 damage)
             ... on level 3 of the Dungeon.
             The game lasted 00:02:46 (1490 turns).

GreatBamboolord the Covered (Armataur Fighter)      Turns: 1490, Time: 00:02:47

Health: 0/41       AC:  7    Str: 27    XL:     4   Next: 17%
Magic:  4/4        EV:  7    Int:  6    God:
Gold:   67         SH:  4    Dex:  8    Spells: 3/3 levels left

rFire   . . .        a - +0 flail
rCold   . . .        c - +0 buckler
rNeg    . . .        b - +0 scale mail
rPois   .            (helmet restricted)
rElec   .            (no cloak)
rCorr   +            (no gloves)
SInv    .            (no barding)
Will    .....        (no amulet) Stlth
                     e - ring of resist corrosion
HPRegen 0.26/turn    (no ring)
MPRegen 0.09/turn

%: roll
@: mighty
A: large, deformed body, tough skin 3, armoured tail, roll 1, long tongue,
antennae 1, hooves 1, dopey 1, robust 1, strong 1, evolution 1
a: no special abilities


You were on level 3 of the Dungeon.
You visited 1 branch of the dungeon, and saw 3 of its levels.

You collected 67 gold pieces.

Inventory:

Hand Weapons
 a - a +0 flail (weapon)
Armour
 b - a +0 scale mail (worn)
 c - a +0 buckler (worn)
Jewellery
 e - a ring of resist corrosion (left hand)
Wands
 j - a wand of acid (6)
Scrolls
 h - a scroll of torment {unknown}
 i - a scroll of teleportation {unknown}
 k - a scroll of amnesia {unknown}
Potions
 f - a potion of magic {unknown}
 g - a potion of mutation


   Skills:
 + Level 3.2 Fighting
 + Level 2.5 Maces & Flails
 + Level 4.3 Armour
 + Level 4.0 Shields


You had 3 spell levels left.
You didn't know any spells.
Your spell library was empty.

Dungeon Overview and Level Annotations

Branches:
Dungeon (3/15)

Altars:
Uskayaw

Shops:
D:2 (

Annotations:
D:2 1 runed translucent door, Crazy Yiuf
D:3 Robin


Innate Abilities, Weirdness & Mutations

Armour fits poorly on your strangely shaped body.
You have extremely tough skin. (AC +3)
You have a long armoured tail.
You roll when moving toward enemies. (Rampage)
Your long tongue fully drains potion bottles. (2x potion effects)
You have a pair of small antennae on your head.
You have large cloven feet.
You are dopey. (Int -2)
You are robust. (+10% HP)
Your muscles are strong. (Str +4, Int/Dex -1)
You have hidden genetic potential.


Message History

Unknown command.
You closely miss the goblin.
Your tail-slap misses the goblin.
The goblin no longer looks unusually strong.
The hobgoblin no longer looks unusually strong.
You block the hobgoblin's attack.
The goblin hits you with a +1 dagger of protection.
You block the goblin's attack.
Unknown command.
You feel very mighty all of a sudden.
You slurp down every last drop of the potion of might!
Robin roars a battlecry!
The goblins go into a battle-frenzy!
You block the hobgoblin's attack. The goblin closely misses you.
The goblin hits you but does no damage.
You hear a shout!
It was a potion of mutation.
You feel extremely strange. A pair of antennae grows on your head!
You feel robust.
You feel a hidden potential growing inside you.
You feel stupid.
Your feet thicken and deform.
You feel stronger.
You slurp down every last drop of the potion of mutation!
The hobgoblin barely misses you.
A kobold comes into view. It is wielding a +0 dagger.
The goblin barely misses you. You block the goblin's attack.
You barely miss the goblin. Your kick misses the goblin.
The goblin no longer looks unusually strong.
Robin roars a battlecry!
The goblin goes into a battle-frenzy!
The hobgoblin hits you.
* * * LOW HITPOINT WARNING * * *
The goblin barely misses you. The goblin completely misses you.
You block the goblin's attack.
Robin says, "Kneel, worm!"
The hobgoblin closely misses you. The goblin completely misses you.
You hear a shout!
You miss the goblin.
The goblin no longer looks unusually strong.
The hobgoblin hits you.
* * * LOW HITPOINT WARNING * * *
The goblin hits you with a +1 dagger of protection.
You die...

##........#
##...#######
###....###
#........#
####.#....#.#
.....##.#.#.#
###..##.#.#.######
...............gg#
####.##.#.#.####@#
#.##.#.#.# #g#
#.##.#.#.#


#ggg{.ggg. #.##.#.#.# #ggg####g# #.##.#.#.# #.K.# #......... .....
######.#####...#. ... #...#. ... #...# . You could see Robin, 3 hobgoblins, 5
goblins and a kobold.

Vanquished Creatures
  Terence (D:2)
  An adder (D:2)
  A worm (D:2)
  5 ball pythons
  2 endoplasms
  3 giant cockroaches
  5 goblins
  3 hobgoblins
  5 kobolds
  4 bats
  3 frilled lizards (D:1)
  10 rats
43 creatures vanquished.

Notes
Turn   | Place    | Note
-------+----------+-------------------------------------------
     0 | D:1      | GreatBamboolord the Armataur Fighter began the quest for
                  | the Orb.
     0 | D:1      | Reached XP level 1. HP: 18/18 MP: 1/1
    80 | D:1      | Reached XP level 2. HP: 25/25 MP: 2/2
   140 | D:1      | Found a faded altar of an unknown god.
   641 | D:2      | Reached XP level 3. HP: 31/31 MP: 3/3
   675 | D:2      | Noticed Terence
   681 | D:2      | Killed Terence
   864 | D:2      | Reached XP level 4. HP: 38/38 MP: 4/4
   937 | D:2      | Found Wamigurch's Weapon Shoppe.
   948 | D:2      | Found a hide-covered altar of Uskayaw.
  1409 | D:2      | Found a runed translucent door.
  1410 | D:2      | Noticed Crazy Yiuf
  1473 | D:3      | Noticed Robin
  1488 | D:3      | Gained mutation: You have a pair of small antennae on your
                  | head. [potion of mutation]
  1488 | D:3      | Gained mutation: You are robust. (+10% HP) [potion of
                  | mutation]
  1488 | D:3      | Gained mutation: You have hidden genetic potential. [potion
                  | of mutation]
  1488 | D:3      | Gained mutation: You are dopey. (Int -2) [potion of
                  | mutation]
  1488 | D:3      | Gained mutation: You have large cloven feet. [potion of
                  | mutation]
  1488 | D:3      | Gained mutation: Your muscles are strong. (Str +4, Int/Dex
                  | -1) [potion of mutation]
  1490 | D:3      | Slain by a goblin

Illustrated notes

Levels and vault maps discovered:
D:1:      amcnicky_arrival_flooded_fountain, layout_basic,
          hellmonk_ecumenical_altar_pennies_from_heaven
D:2:      layout_basic, serial_shops, nicolae_shop_bloodbath_and_beyond,
          basic_altar, uniq_crazy_yiuf_cottage, uniq_terence
D:3:      layout_loops_ring, uniq_robin

Skill      XL: |  1  2  3  4 |
---------------+-------------+-----
Maces & Flails | 2 |  2.5
Armour         | 4 |  4.3
Fighting       | 3 |  3.2
Shields        | 4 |  4.0

Action                     |  1- 3 |  4- 6 || total
---------------------------+-------+-------++-------
  Melee: Flail             |    87 |    38 ||   125
         Tailslap          |     7 |     2 ||     9
    Use: Potion            |       |     2 ||     2
 Armour: Scale mail        |    75 |    37 ||   112
  Dodge: Dodged            |    23 |    22 ||    45
  Block: Buckler           |    26 |    13 ||    39

Table legend: (Time is in decaauts)
 A = Elapsed time spent in this place.
 B = Non-inter-level travel time spent in this place.
 C = Inter-level travel time spent in this place.
 D = Time resting spent in this place.
 E = Time spent auto-exploring this place.
 F = Levels seen in this place.
 G = Mean time per level.
                   A        B        C        D        E       F      G
               +--------+--------+--------+--------+--------+-----+--------+
         Total |   1529 |   1443 |     86 |      0 |   1147 |   3 |  509.7 |
       Dungeon |   1529 |   1443 |     86 |      0 |   1147 |   3 |  509.7 |
               +--------+--------+--------+--------+--------+-----+--------+

Top non-repeatable levels by time:
     D:2: 833 daAuts
     D:1: 640 daAuts
     D:3: 55 daAuts
